 Dungeon Crawl Stone Soup version 0.29.1-2-gbd0b4ee654 (webtiles) character file.

Game seed: 11894200514950690601

1831 H0rd4k the Martial Artist (level 9, -10/60 HPs)
             Began as an Octopode Artificer on Nov 29, 2022.
             Was an Initiate of Gozag.
             Shot with an arrow by a centaur (15 damage)
             ... on level 6 of the Dungeon.
             The game lasted 00:17:14 (9941 turns).

H0rd4k the Martial Artist (Octopode Artificer)      Turns: 9941, Time: 00:17:16

Health: -10/60     AC:  1    Str: 12    XL:     9   Next: 11%
Magic:  15/15      EV: 13    Int: 17    God:    Gozag
Gold:   1223       SH:  0    Dex: 12    Spells: 13/16 levels left

rFire   . . .      SeeInvis +     - Unarmed
rCold   . . .      Faith    .   (no shield)
rNeg    . . .      Spirit   .   (helmet restricted)
rPois   +          Reflect  .   (no amulet)
rElec   .          Harm     .   v - ring of resist corrosion
rCorr   +          Rampage  .   w - ring of poison resistance
Will    .....                   d - ring of see invisible
Stlth   +++.......              (no ring)
HPRegen 0.20/turn               (no ring)
MPRegen 0.14/turn               (no ring)
                                (no ring)
                                (no ring)

@: no status effects
A: almost no armour, amphibious, 8 rings, camouflage 1, gelatinous body 1,
(nimble swimmer 1), tentacles
a: Renounce Religion, Potion Petition, Call Merchant, Bribe Branch


You were on level 6 of the Dungeon.
You worshipped Gozag.
Gozag was most pleased with you.
You visited 1 branch of the dungeon, and saw 6 of its levels.
You also visited: Sewer and Ossuary.

You collected 1393 gold pieces.
You spent 130 gold pieces at shops.
You paid 40 gold pieces to Gozag.

Inventory:

Hand Weapons
 y - the +6 hand axe "Anuoqiby" {speed, Dex+2 SInv}
   (You found it on level 5 of the Dungeon)

   Attacks with this weapon are significantly faster.
   Dex:       It affects your dexterity (+2).
   SInv:      It lets you see invisible.
Missiles
 n - 29 poisoned darts
Magical Staves
 f - a staff of earth
 x - a staff of conjuration
Jewellery
 d - a ring of see invisible (on tentacle)
 v - a ring of resist corrosion (left tentacle)
 w - a ring of poison resistance (right tentacle)
Wands
 b - a wand of flame (7) (quivered)
 u - a wand of digging (5)
Scrolls
 c - a scroll of noise {unknown}
 e - 2 scrolls of enchant weapon
 g - 3 scrolls of amnesia
 h - a scroll of silence {unknown}
 j - a scroll of identify
 m - 4 scrolls of fear
 o - 2 scrolls of blinking
 q - a scroll of poison {unknown}
 r - 5 scrolls of teleportation
 s - a scroll of butterflies {unknown}
Potions
 a - 2 potions of degeneration {unknown}
 i - 3 potions of attraction
 k - 2 potions of magic
 l - a potion of haste {unknown}
 p - 2 potions of curing {unknown}
 t - 4 potions of heal wounds
 z - 2 potions of experience
 A - a potion of brilliance {unknown}
 C - a potion of invisibility {unknown}


   Skills:
 * Level 4.9 Fighting
 - Level 2.3 Dodging
 - Level 1.3 Stealth
 + Level 8.2 Unarmed Combat
 * Level 4.4 Spellcasting
 + Level 2.9 Transmutations
 + Level 1.4 Poison Magic
 - Level 3.2 Evocations


You had 13 spell levels left.
You knew the following spells:

 Your Spells              Type           Power      Damage    Failure   Level
a - Spider Form           Tmut/Pois      11%        N/A       19%         3

Your spell library contained the following spells:

 Spells                   Type           Power      Damage    Failure   Level
 Wereblood                Tmut           13%        N/A       7%          2
 Sublimation of Blood     Necr           3%         N/A       22%         2
 Ignite Poison            Fire/Tmut/Pois 8%         N/A       26%         3
 Alistair's Intoxication  Tmut/Pois      7%         N/A       86%         5
 Eringya's Noxious Bog    Tmut/Pois      5%         N/A       100%        6
 Summon Hydra             Summ           1%         N/A       100%        7


Dungeon Overview and Level Annotations

Branches:
Dungeon (6/15)             Temple (0/1) D:6           Sewer (visited)
Ossuary (visited)

Altars:
Dithmenos
Gozag
Hepliaklqana
Kikubaaqudgha
Sif Muna

Shops:
D:4 *[

Annotations:
D:3 exclusion: downstairs
D:5 Edmund
D:6 exclusion: water moccasin, Dowan


Innate Abilities, Weirdness & Mutations

You cannot wear most types of armour.
You are amphibious.
You can wear up to eight rings at the same time.
Your skin changes colour to match your surroundings (Stealth+).
Your rubbery body absorbs attacks. (AC +1, EV +1)
((You are camouflaged when in or above water. (Stealth+)))
You have tentacles for arms and can constrict up to eight enemies at once.


Message History

You kill the kobold brigand!
The centaur is distracted by your dazzling golden aura.
An ogre comes into view. It is wielding a +0 giant spiked club.
Okay, then.
Aiming: Paralyse
Press: ? - help, Shift-Dir - straight line, f - acid dragon
Aim: an acid dragon (chance to affect: 57%)
The acid dragon resists with significant effort.
The centaur shouts!
The now-empty wand crumbles to dust.
The acid dragon misses you. The acid dragon claws you.
You tentacle-slap the acid dragon.
The acid dragon is lightly wounded.
The acid dragon spits acid at you. The splash of acid hits you! You resist.
You hear a shout! x2
You tentacle-slap the acid dragon but do no damage.
The acid dragon is lightly wounded.
The acid dragon closely misses you. x2
You barely miss the acid dragon.
The acid dragon is lightly wounded.
The acid dragon closely misses you. The acid dragon claws you.
You bludgeon the acid dragon! You squeeze the acid dragon.
The acid dragon is severely wounded.
The acid dragon spits acid at you. The splash of acid hits you! You resist.
You tentacle-slap the acid dragon.
The acid dragon is almost dead.
The acid dragon bites you!
* * * LOW HITPOINT WARNING * * *
The acid dragon closely misses you.
The acid dragon attacks as you move away!
The acid dragon bites you.
* * * LOW HITPOINT WARNING * * *
The acid dragon claws you.
* * * LOW HITPOINT WARNING * * *
The centaur wields a +0 shortbow.
The centaur shoots an arrow.
The arrow hits you!
You die...
Your body crumbles into a pile of gold.

######...#....#...##.##........##
#.............#..'........##
...###.#........###..........
S....##.#...###...........####
.......+.............#......###.
#......##......#............+...
########...###.#.....#......##..
#........#...#.#......##..
#......#..@.c.# #..........
...###.#.###Dh# #..........
..e....#......###.#........
#..$.D#....##.#........
#.###.#.F...#.#........ #
D.#.......#........ $
#..c...###.#........ $#c###..#
#.#####..). #h ...# #.#......#.


You could see an acid dragon (catching breath), a centaur and a howler monkey.

Vanquished Creatures
  Sigmund (D:4)
  2 water moccasins (D:5)
  An ice beast (D:5)
  A black bear (D:6)
  An ogre (D:5)
  5 kobold brigands
  2 scorpions
  A hound (D:4)
  A jelly (D:6)
  A human zombie (Ossuary)
  Jessica (D:3)
  Ijyb (D:4)
  3 iguanas
  3 orc wizards
  2 mummies (Ossuary)
  Robin (D:4)
  4 gnolls
  5 adders
  6 river rats (Sewer)
  2 shadow imps (D:5)
  A white imp (D:6)
  5 worms
  5 dart slugs
  16 orcs
  7 endoplasms
  7 giant cockroaches
  4 gnoll zombies (Ossuary)
  10 hobgoblins
  35 kobolds
  4 quokkas
  20 ball pythons
  6 bats
  A frilled lizard (D:1)
  11 goblins
  2 goblin zombies (Ossuary)
  4 hobgoblin zombies (Ossuary)
  3 orc zombies (Ossuary)
  28 rats
213 creatures vanquished.

Vanquished Creatures (collateral kills)
  A hound (D:5)
  An adder (D:2)
  2 orcs (D:5)
  A ball python (D:1)
  An endoplasm (D:2)
  A goblin (D:4)
  A quokka (D:5)
8 creatures vanquished.

Vanquished Creatures (others)
  An orc priest (D:5)
  An adder (D:2)
  4 plants (D:4)
  A withered plant (D:1)
7 creatures vanquished.

Grand Total: 228 creatures vanquished

Notes
Turn   | Place    | Note
-------+----------+-------------------------------------------
     0 | D:1      | H0rd4k the Octopode Artificer began the quest for the Orb.
     0 | D:1      | Reached XP level 1. HP: 13/13 MP: 1/1
   552 | D:1      | Reached skill level 1 in Spellcasting
   552 | D:1      | Reached XP level 2. HP: 5/18 MP: 3/3
   783 | D:1      | Found a faded altar of an unknown god.
  1755 | D:1      | Reached XP level 3. HP: 17/24 MP: 5/5
  2064 | D:1      | Reached skill level 1 in Unarmed Combat
  2446 | D:2      | Reached XP level 4. HP: 29/29 MP: 6/6
  2596 | D:2      | Reached skill level 2 in Unarmed Combat
  3471 | D:3      | Found a shadowy altar of Dithmenos.
  3552 | D:3      | Noticed Jessica
  3553 | D:3      | Killed Jessica
  3554 | D:3      | Reached XP level 5. HP: 30/35 MP: 8/8
  3779 | D:3      | Got the Monograph on Reformation
  3848 | D:3      | Reached skill level 3 in Unarmed Combat
  4204 | D:4      | Found Jinas's Assorted Antiques.
  4215 | D:4      | Found an opulent altar of Gozag.
  4263 | D:4      | Became a worshipper of Gozag Ym Sagoz the Greedy
  4513 | D:4      | Noticed Robin
  4720 | D:3      | Learned a level 3 spell: Spider Form
  4739 | D:4      | Found an ancient bone altar of Kikubaaqudgha.
  4789 | D:4      | Found a shimmering blue altar of Sif Muna.
  4816 | D:4      | Found Ogairgh's Antique Armour Shop.
  4819 | D:4      | Noticed Ijyb
  4822 | D:4      | Killed Ijyb
  4988 | D:4      | Identified the +0 leather armour "Todez" {rF+ Will+ Dex-2
                  | Stlth+}
  4995 | D:4      | Noticed Sigmund
  5071 | D:4      | Killed Robin
  5072 | D:4      | Reached XP level 6. HP: 14/41 MP: 9/9
  5135 | D:4      | Bought a runed tourmaline ring for 130 gold pieces
  5650 | D:4      | Killed Sigmund
  5651 | D:4      | Reached skill level 4 in Unarmed Combat
  5651 | D:4      | Reached skill level 1 in Poison Magic
  5767 | D:5      | Entered Level 5 of the Dungeon
  5798 | D:5      | Noticed a water moccasin
  5804 | D:5      | Noticed a water moccasin
  5812 | D:5      | Noticed an ice beast
  5847 | D:5      | Noticed Edmund
  5888 | D:5      | Found a sand-covered staircase.
  5893 | Ossuary  | Entered an ossuary
  5952 | Ossuary  | Reached XP level 7. HP: 31/46 MP: 11/11
  6132 | D:5      | Paralysed by an orc for 5 turns
  6153 | D:5      | Reached skill level 5 in Unarmed Combat
  6188 | D:5      | Identified the +6 hand axe "Anuoqiby" {speed, Dex+2 SInv}
  6250 | D:5      | Found a glowing drain.
  6255 | Sewer    | Entered a sewer
  6349 | Sewer    | Reached skill level 1 in Transmutations
  7830 | D:5      | Reached skill level 6 in Unarmed Combat
  7830 | D:5      | Reached XP level 8. HP: 39/54 MP: 13/13
  8827 | D:5      | Reached skill level 7 in Unarmed Combat
  9260 | D:6      | Found a staircase to the Ecumenical Temple.
  9506 | D:6      | Reached XP level 9. HP: 54/59 MP: 15/15
  9557 | D:6      | Reached skill level 8 in Unarmed Combat
  9851 | D:6      | Found a hazy altar of Hepliaklqana.
  9906 | D:6      | Noticed Dowan
  9941 | D:6      | Shot with an arrow by a centaur

Illustrated notes

Levels and vault maps discovered:
D:1:      minmay_arrival_widening_spiral_narrow, layout_loops_corners,
          ebering_ecumenical_altar_petrified, dk_noncrumbling_4, nicolae_titane
D:2:      minmay_recursive_quarters, layout_rooms, minmay_crystal_water
D:3:      layout_basic, grunt_dithmenos_smoke, uniq_jessica
D:4:      layout_cave_pods, nicolae_kikubaaqudgha_miasma_corner,
          mainiacjoe_overflow_catwalk, grunt_gozag_breadcrumbs, serial_shops,
          nicolae_shop_trees, nicolae_shop_overgrown_old_shop, uniq_sigmund,
          uniq_ijyb, uniq_robin
D:5:      layout_cave_pools, gup_sewer_entry_spiral, enter_ossuary_2,
          kennysheep_generic_room_4, uniq_edmund
D:6:      hangedman_cross_stitches, layout_basic, kennysheep_okawaru_gauntlet,
          overflow_temple_1_default, minmay_temple_entry_ruins, uniq_duvessa

Skill      XL: |  1  2  3  4  5  6  7  8  9 |
---------------+----------------------------+-----
Spellcasting   | 1 2 3 4 |  4.4
Unarmed Combat | 1 2 3 4 6 7 8 |  8.2
Fighting       | 2 3 4 |  4.9
Poison Magic   | 1 |  1.4
Transmutations | 1 2 |  2.9
Dodging        | |  2.3
Stealth        | |  1.3
Evocations     | |  3.2

Action                   |  1- 3 |  4- 6 |  7- 9 || total
-------------------------+-------+-------+-------++-------
Melee: Unarmed           |    92 |   168 |   257 ||   517
       Constrict         |    17 |    48 |    64 ||   129
       Tentacles         |    17 |    37 |    56 ||   110
       Punch             |       |     8 |    21 ||    29
Evoke: Wand              |     5 |    17 |    18 ||    40
  Use: Scroll            |       |       |     8 ||     8
 Stab: Sleeping          |    17 |     9 |     9 ||    35
       Distracted        |       |     1 |     2 ||     3
Armor: Skin              |     4 |     8 |    13 ||    25
Dodge: Dodged            |    39 |    70 |   144 ||   253
